 Dungeon Crawl Stone Soup version 0.29.1-15-g9cfb28693d (webtiles) character file.

Game seed: 10597887026096944859

236 Peloso the Slasher (level 5, -2/46 HPs)
             Began as a Minotaur Fighter on Mar 31, 2023.
             Slain by Blork the orc
             ... wielding a +0 glaive
              (13 damage)
             ... on level 4 of the Dungeon.
             The game lasted 00:02:53 (1680 turns).

Peloso the Slasher (Minotaur Fighter)               Turns: 1680, Time: 00:02:54

Health: -2/46      AC:  9    Str: 21    XL:     5   Next: 77%
Magic:  4/4        EV:  8    Int:  5    God:
Gold:   35         SH:  5    Dex: 11    Spells: 4/4 levels left

rFire   + . .      SeeInvis .   a - +0 long sword
rCold   + . .      Faith    .   d - +0 buckler
rNeg    . . .      Spirit   .   c - +0 chain mail
rPois   +          Reflect  .   (helmet restricted)
rElec   +          Harm     .   (no cloak)
rCorr   +          Rampage  .   (no gloves)
Will    .....                   (no boots)
Stlth   ..........              (no amulet)
HPRegen 0.15/turn               (no ring)
MPRegen 0.09/turn               (no ring)

@: brilliant, resistant, hasted, very quick
A: horns 2, retaliatory headbutt
a: no special abilities


You were on level 4 of the Dungeon.
You visited 1 branch of the dungeon, and saw 3 of its levels.

You collected 35 gold pieces.

Inventory:

Hand Weapons
 a - a +0 long sword (weapon)
Armour
 b - a +1 scale mail
 c - a +0 chain mail (worn)
 d - a +0 buckler (worn)
Scrolls
 e - a scroll of amnesia
 k - a scroll of butterflies {unknown}
Potions
 f - 2 potions of brilliance
 g - a potion of degeneration {unknown}
 h - a potion of heal wounds {unknown}
 i - a potion of haste
 j - a potion of resistance


   Skills:
 + Level 4.3 Fighting
 + Level 5.0 Long Blades
 + Level 4.9 Armour
 + Level 1.5 Dodging
 + Level 0.1 Stealth
 + Level 4.4 Shields


You had 4 spell levels left.
You didn't know any spells.
Your spell library contained the following spells:

 Spells                   Type           Power      Damage    Failure   Level
 Shock                    Conj/Air       0%         1d3       99%         1
 Poisonous Vapours        Pois/Air       0%         N/A       100%        2
 Inner Flame              Hex/Fire       0%         N/A       100%        3
 Swiftness                Air            0%         N/A       100%        3
 Airstrike                Air            0%         2d(0-16)  100%        4
 Cause Fear               Hex            0%         N/A       100%        4
 Corpse Rot               Necr/Pois/Air  0%         N/A       100%        4
 Discord                  Hex            0%         N/A       100%        8


Dungeon Overview and Level Annotations

Branches:
Dungeon (4/15)
 Temple: D:4-7

Altars:
Trog

Annotations:
D:4 Blork the orc, Ijyb


Innate Abilities, Weirdness & Mutations

You have a pair of horns on your head.
You reflexively headbutt those who attack you in melee.


Message History

Blork the orc screams, "I'll eat your brain!
And then I'll vomit it back up!"
Blork the orc drinks a potion.
Blork the orc flickers and vanishes!
The hound barely misses you. You furiously retaliate!
You headbutt the hound!
You kill the hound!
Your Long Blades skill increases to level 5!
The kobold attacks as you move away! You block the kobold's attack.
A magic dart appears from out of thin air!
The magic dart hits you but does no damage.
The kobold attacks as you move away!
The kobold hits you with a +0 short sword.
The kobold attacks as you move away! The kobold hits you but does no damage.
The kobold attacks as you move away!
The kobold hits you with a +0 short sword.
The kobold attacks as you move away! The kobold barely misses you.
The kobold attacks as you move away! The kobold barely misses you.
You hear some strange, mumbled words.
You slash the kobold!
You kill the kobold!
You hear a zap.
Something hits you. Something hits you!
Things that are here:
a +0 short sword; a kobold corpse You barely miss something.
You hear some strange, mumbled words.
A magic dart appears from out of thin air!
The magic dart hits you but does no damage.
You hear a zap.
You can no longer detect the hexed Blork the orc.
Something hits you!
You aren't carrying any items that you can evoke.
Unknown command.
It was a potion of brilliance.
You feel clever all of a sudden.
It was a potion of resistance.
You feel protected. Something hits you.
* * * LOW HITPOINT WARNING * * *
You hear a zap.
It was a potion of haste.
You feel yourself speed up. Something hits you!
You die...

#.##.# #
#.##.#####. #.
#..........#
#..##..####>.###
#...............
#....###.####.####
#.#. #{# # #{# #@#
#.# #.# ... #####


There were no monsters in sight!

Vanquished Creatures
  Sigmund (D:2)
  A hound (D:4)
  An adder (D:2)
  3 dart slugs
  2 bats (D:1)
  3 endoplasms (D:1)
  2 giant cockroaches (D:1)
  5 hobgoblins
  A quokka (D:1)
  3 ball pythons
  A frilled lizard (D:2)
  4 kobolds
  4 rats (D:1)
31 creatures vanquished.

Notes
Turn   | Place    | Note
-------+----------+-------------------------------------------
     0 | D:1      | Peloso the Minotaur Fighter began the quest for the Orb.
     0 | D:1      | Reached XP level 1. HP: 19/19 MP: 0/0
   307 | D:1      | Reached XP level 2. HP: 18/27 MP: 1/1
  1203 | D:2      | Found a bloodstained altar of Trog.
  1312 | D:2      | Noticed Sigmund
  1328 | D:2      | Killed Sigmund
  1329 | D:2      | Reached skill level 4 in Long Blades
  1329 | D:2      | Reached skill level 1 in Dodging
  1329 | D:2      | Reached XP level 3. HP: 13/33 MP: 2/2
  1329 | D:2      | Reached XP level 4. HP: 15/40 MP: 3/3
  1329 | D:2      | Reached XP level 5. HP: 18/46 MP: 4/4
  1643 | D:2      | You fall into a shaft and drop 2 floors!
  1656 | D:4      | Noticed Blork the orc
  1659 | D:4      | Noticed Ijyb
  1661 | D:4      | Reached skill level 5 in Long Blades
  1680 | D:4      | Slain by Blork the orc

Illustrated notes

Levels and vault maps discovered:
D:1:      amcnicky_arrival_choice, layout_rooms, hangedman_glass_teeth,
          serial_bayou_pond_d, minmay_close_crescents
D:2:      layout_basic, basic_altar, uniq_sigmund
D:4:      kennysheep_big_flooded_room, layout_loops_ring, kennysheep_little_box,
          mainiacjoe_overflow_small_starburst,
          nicolae_wu_jian_immortal_techniques, mainiacjoe_overflow_alcove_4,
          serial_shops, nicolae_lakefront_shop, uniq_menkaure,
          uniq_blork_the_orc, uniq_ijyb

Skill      XL: |  1  2  3  4  5 |
---------------+----------------+-----
Armour         | 4 |  4.9
Fighting       | 4 |  4.3
Long Blades    | 4 5 |  5.0
Dodging        | 1 |  1.5
Shields        | 4 |  4.4
Stealth        | |  0.1

Action                   |  1- 3 |  4- 6 || total
-------------------------+-------+-------++-------
Melee: Long sword        |    62 |    16 ||    78
       Headbutt          |     5 |     2 ||     7
  Use: Scroll            |     5 |       ||     5
       Potion            |     1 |     3 ||     4
Armor: Scale mail        |    26 |       ||    26
       Chain mail        |     5 |    14 ||    19
Dodge: Dodged            |    34 |     9 ||    43
Block: Buckler           |    27 |     4 ||    31
